 Dungeon Crawl Stone Soup version 0.21.1-1-g345015fe64 (webtiles) character file.

1015 Naru the Slasher (level 8, -7/75 HPs)
             Began as a White Draconian Fighter on June 27, 2018.
             Mangled by Prince Ribbit (9 damage)
             ... on level 5 of the Dungeon.
             The game lasted 00:13:22 (4858 turns).

Naru the Slasher (White Draconian Fighter)          Turns: 4858, Time: 00:13:22

Health: -7/75      AC:  6    Str: 18    XL:     8   Next: 1%
Magic:  8/8        EV: 12    Int:  7    God:
Gold:   204        SH: 10    Dex: 13    Spells: 7/7 levels left

rFire    . . .     SeeInvis .   a - +0 long sword
rCold    + . .     Gourm    .   b - +1 shield
rNeg     + . .     Faith    .   (armour unavailable)
rPois    .         Spirit   .   (helmet restricted)
rElec    .         Reflect  .   (no cloak)
rCorr    .         Harm     .   (no gloves)
MR       .....                  (no boots)
Stlth    ++........             (no amulet)
HPRegen  0.22/turn              p - ring of positive energy
MPRegen  0.11/turn              (no ring)

@: no status effects
A: breathe frost, unfitting armour, horns 1, cold resistance 1, dopey 1, robust
1, cold-blooded, AC +6
a: Breathe Frost


You were on level 5 of the Dungeon.
You were not hungry.

You visited 1 branch of the dungeon, and saw 5 of its levels.

You collected 204 gold pieces.

Inventory:

Hand Weapons
 a - a +0 long sword (weapon)
Missiles
 k - 9 tomahawks
 w - 2 throwing nets (quivered)
 x - 2 poisoned tomahawks
Armour
 b - a +1 shield (worn)
 h - a +0 ring mail
Jewellery
 p - a ring of positive energy (left hand)
Wands
 v - a wand of paralysis (3)
Scrolls
 c - a scroll of magic mapping {unknown}
 g - a scroll of enchant weapon {unknown}
 l - a scroll of enchant armour
 n - a scroll of random uselessness {unknown}
 o - 2 scrolls of identify
 t - a scroll of remove curse
 u - a scroll of teleportation
Potions
 e - a potion of cancellation
 f - a potion of haste
 i - 2 potions of brilliance
 j - 2 potions of ambrosia
 m - a potion of heal wounds {unknown}
 q - 2 potions of flight
 r - 2 potions of degeneration {unknown}
 s - a potion of berserk rage {unknown}
Comestibles
 d - 7 rations


   Skills:
 * Level 5.4 Fighting
 * Level 6.5 Long Blades
 + Level 4.0 Dodging
 + Level 1.6 Stealth
 + Level 4.9 Shields


You had 7 spell levels left.
You didn't know any spells.

Dungeon Overview and Level Annotations

Branches:
Dungeon (5/15)
 Temple: D:4-7

Altars:
Zin

Shops:
D:4 [!([   D:5 (

Annotations:
D:5 Prince Ribbit


Innate Abilities, Weirdness & Mutations

You can breathe waves of freezing cold.
You can buffet flying creatures when you breathe cold.
Your icy white scales are hard. (AC +6)
You cannot fit into any form of body armour.
Your flesh is cold resistant. (rC+)
You are cold-blooded and may be slowed by cold attacks.
You have a pair of small horns on your head.
You are dopey. (Int -2)
You are robust. (+10% HP)


Message History

You block Prince Ribbit's attack.
Prince Ribbit blinks!
You swing at nothing.
You swing at nothing.
You swing at nothing.
Prince Ribbit hits you!
You completely miss Prince Ribbit. Your headbutt misses Prince Ribbit.
Your tail-slap misses Prince Ribbit.
Prince Ribbit is lightly wounded.
Prince Ribbit hits you! Prince Ribbit barely misses you.
You slash Prince Ribbit! You headbutt Prince Ribbit.
Prince Ribbit is moderately wounded.
You block Prince Ribbit's attack.
You miss Prince Ribbit. Your headbutt misses Prince Ribbit.
Your tail-slap misses Prince Ribbit.
Prince Ribbit is moderately wounded.
Prince Ribbit hits you!
* * * LOW HITPOINT WARNING * * *
Prince Ribbit hits you.
* * * LOW HITPOINT WARNING * * *
Prince Ribbit hits you!
You die...

######)....................#.._..
.§.........................#.....
######...............######......
#...............# #......
#...............# #......
#..........).>..# #......
#≈≈≈≈.≈≈≈≈...).....# #......
#≈##≈.≈##≈####F##### #...... #
##+###≈# #@# ####### ≈≈# ### #≈≈#
#≈≈# ##≈#


You could see Prince Ribbit.

Vanquished Creatures
  Grinder (D:3)
  A water moccasin (D:5)
  The ghost of Kohma the Sneak, an amateur SpEn (D:4)
  2 crimson imps (D:5)
  A bullfrog zombie (D:5)
  A hound (D:4)
  An orc wizard (D:4)
  6 orc priests
  Ijyb (D:3)
  Terence (D:3)
  4 worker ants (D:4)
  An adder (D:2)
  An ooze (D:4)
  A worm (D:2)
  3 dart slugs
  4 leopard geckos
  20 orcs
  A ball python (D:2)
  3 bats
  2 giant cockroaches
  7 goblins
  9 hobgoblins
  8 jackals
  2 quokkas (D:3)
  A ball python skeleton (D:4)
  5 frilled lizards
  6 kobolds
  A leopard gecko skeleton (D:4)
  7 rats
102 creatures vanquished.

Notes
Turn   | Place    | Note
-------+----------+-------------------------------------------
     0 | D:1      | Naru the Draconian Fighter began the quest for the Orb.
     0 | D:1      | Reached XP level 1. HP: 19/19 MP: 1/1
    81 | D:1      | Reached XP level 2. HP: 20/26 MP: 2/2
   331 | D:1      | Reached XP level 3. HP: 31/33 MP: 3/3
   909 | D:2      | Reached skill level 3 in Long Blades
  1417 | D:3      | Reached XP level 4. HP: 40/40 MP: 4/4
  1598 | D:3      | Noticed Ijyb
  1614 | D:3      | Paralysed by Ijyb for 6 turns
  1629 | D:3      | Killed Ijyb
  1749 | D:3      | Noticed Grinder
  1761 | D:3      | Paralysed by Grinder for 6 turns
  1791 | D:3      | Killed Grinder
  1791 | D:3      | Reached skill level 4 in Long Blades
  1791 | D:3      | Reached skill level 1 in Stealth
  1791 | D:3      | Reached XP level 5. HP: 37/47 MP: 5/5
  1791 | D:3      | Reached XP level 6. HP: 42/53 MP: 6/6
  2118 | D:4      | Found Fufos's Antique Armour Boutique.
  2149 | D:3      | Noticed Terence
  2170 | D:3      | Killed Terence
  2499 | D:4      | Gained mutation: You are dopey. (Int -2) [potion of mutation]
  2499 | D:4      | Gained mutation: You have a pair of small horns on your head. [potion of mutation]
  2499 | D:4      | Gained mutation: You are robust. (+10% HP) [potion of mutation]
  2737 | D:4      | Reached skill level 5 in Long Blades
  2853 | D:4      | Found Etuob's Weapon Boutique.
  3131 | D:4      | Noticed Kohma's ghost (amateur SpEn)
  3144 | D:4      | Your scales start taking on an icy white colour.
  3144 | D:4      | Reached XP level 7. HP: 49/66 MP: 7/7
  3144 | D:4      | Gained mutation: Your flesh is cold resistant. (rC+) [White Draconian growth]
  3158 | D:4      | Killed Kohma's ghost
  3158 | D:4      | Reached skill level 5 in Fighting
  3447 | D:4      | Found Aguufed's Antique Armour Boutique.
  3619 | D:4      | Found Xuidghi's Distillery.
  3641 | D:5      | Entered Level 5 of the Dungeon
  3655 | D:5      | Reached skill level 6 in Long Blades
  3907 | D:5      | Found Xeil's Antique Weapon Boutique.
  3986 | D:5      | Found a glowing silver altar of Zin.
  3990 | D:5      | Noticed Prince Ribbit
  4826 | D:5      | Reached XP level 8. HP: 61/75 MP: 8/8
  4857 | D:5      | HP: 1/75 [Prince Ribbit (5)]
  4858 | D:5      | Mangled by Prince Ribbit

Skill      XL: |  1  2  3  4  5  6  7 |
---------------+----------------------+-----
Dodging        | 3 4 |  4.0
Long Blades    | 3 4 5 6 |  6.5
Fighting       | 4 5 |  5.4
Stealth        | 1 |  1.6
Shields        | 4 |  4.9

Action                   |  1- 3 |  4- 6 |  7- 9 || total
-------------------------+-------+-------+-------++-------
Melee: Long sword        |   115 |   160 |    86 ||   361
       Tailslap          |    11 |    24 |    12 ||    47
       Headbutt          |       |    10 |    15 ||    25
 Abil: Breathe Frost     |       |       |    10 ||    10
  Use: Potion            |       |     5 |       ||     5
       Scroll            |       |     9 |       ||     9
 Stab: Sleeping          |     2 |     1 |       ||     3
  Eat: Chunk             |     1 |     7 |     4 ||    12
       Ration            |       |       |     1 ||     1
Armor: Skin              |    29 |    49 |    13 ||    91
Dodge: Dodged            |    47 |    70 |    39 ||   156
Block: Shield            |    58 |    99 |    50 ||   207
       Rpst.: Long sword |    13 |    22 |    13 ||    48
